 Dungeon Crawl Stone Soup version 0.27.0-1-g7a089689b8 (webtiles) character file.

Game seed: 5703239443247707491

2007 hawla the Reanimator (level 9, -6/48 HPs)
             Began as a Deep Elf Necromancer on Aug 11, 2021.
             Was an Initiate of Ashenzari.
             Mangled by an orc warrior (20 damage)
             ... on level 7 of the Dungeon on Aug 12, 2021.
             The game lasted 00:36:14 (9904 turns).

hawla the Reanimator (Deep Elf Necromancer)         Turns: 9904, Time: 00:36:15

Health: -6/48      AC:  5    Str:  5    XL:     9   Next: 2%
Magic:  2/22       EV: 14    Int: 24    God:    Ashenzari [......]
Gold:   174        SH:  0    Dex: 15    Spells: 4/23 levels left

rFire    . . .     SeeInvis +   d - staff of earth
rCold    . . .     Faith    .   (no shield)
rNeg     . . .     Spirit   .   a - +0 robe
rPois    .         Reflect  .   o - +0 helmet {SInv}
rElec    .         Harm     .   (no cloak)
rCorr    .         Rampage  .   g - +0 pair of gloves
Will     .....                  j - +0 pair of boots
Stlth    ++........             (no amulet)
HPRegen  0.16/turn              (no ring)
MPRegen  0.18/turn              (no ring)

@: no status effects
A: no striking features
a: Renounce Religion


You were on level 7 of the Dungeon.
You worshipped Ashenzari.
Ashenzari was noncommittal.
You visited 2 branches of the dungeon, and saw 8 of its levels.

You collected 219 gold pieces.
You spent 45 gold pieces at shops.

Inventory:

Missiles
 n - a curare-tipped dart
 p - 2 poisoned darts (quivered)
Armour
 a - a +0 robe (worn)
 g - a +0 pair of gloves (worn)
 j - a +0 pair of boots (worn)
 o - a +0 helmet of see invisible (worn)
Magical Staves
 d - a staff of earth (weapon)
Jewellery
 e - a ring of fire
Wands
 b - a wand of paralysis (2)
 l - a wand of charming (1)
 q - a wand of polymorph (9)
Potions
 c - a potion of cancellation
 f - a potion of flight
 h - a potion of magic
 i - a potion of might
 k - a potion of curing
 m - a potion of attraction
 r - 2 potions of mutation


   Skills:
 - Level 1.7 Fighting
 - Level 2.2 Staves
 - Level 5.0 Dodging
 - Level 3.4 Stealth
 - Level 7.9 Spellcasting
 + Level 3.7 Conjurations
 - Level 8.2 Necromancy
 * Level 5.6 Earth Magic
 - Level 1.8 Evocations


You had 4 spell levels left.
You knew the following spells:

 Your Spells              Type           Power      Damage    Failure   Level
a - Pain                  Necr           100%       1d9       1%          1
b - Vampiric Draining     Necr           24%        2d9       1%          3
c - Animate Dead          Necr           24%        N/A       2%          4
d - Agony                 Necr           48%        N/A       6%          5
e - Iron Shot             Conj/Erth      24%        9d5       82%         6

Your spell library contained the following spells:

 Spells                   Type           Power      Damage    Failure   Level
 Animate Skeleton         Necr           96%        N/A       1%          1
 Corpse Rot               Necr/Air       N/A        N/A       1%          2
 Poisonous Vapours        Pois/Air       18%        N/A       10%         2
 Airstrike                Air            4%         N/A       54%         4
 Summon Lightning Spire   Summ/Air       9%         N/A       54%         4
 Iskenderun's Battlesphe  Conj           27%        2d8       36%         5
 Lightning Bolt           Conj/Air       9%         1d21      63%         5
 Freezing Cloud           Conj/Ice/Air   7%         6-21      73%         5
 Spellforged Servitor     Conj/Summ      9%         N/A       100%        7


Dungeon Overview and Level Annotations

Branches:
Dungeon (7/15)             Temple (1/1) D:5

Altars:
Ashenzari
Cheibriados
Dithmenos
Elyvilon
Fedhas
Gozag
Hepliaklqana
Kikubaaqudgha
Okawaru
Qazlal
Ru
Trog
Uskayaw
Vehumet
Wu Jian
Xom
Yredelemnul
Zin
The Shining One

Shops:
D:1 (   D:3 =(*[[   D:5 [

Annotations:
D:1 fly to the scroll
D:4 3 runed translucent doors, Sin92's ghost, novice DsFi; SunEater's ghost, amateur MiFi; mandarbmax's ghost, amateur FeTm; voltaire321's ghost, amateur DsGl


Message History

Confirm with . or Enter, or press ? or * to list all spells.
Aiming: Vampiric Draining (safe; 1% risk of failure)
Press: ? - help, Shift-Dir - straight line, f/p - orc priest
Aim: an orc priest, wielding a +0 hand axe (severely wounded)
You draw life force from the orc priest!
You kill the orc priest!
You feel life coursing into your body. The orc misses you.
The orc warrior hits you with a +0 dire flail!
* * * LOW HITPOINT WARNING * * *
The ice beast hits you.
* * * LOW HITPOINT WARNING * * *
The ice beast freezes you!
* * * LOW HITPOINT WARNING * * *
Your magical contamination has completely faded away.
You feel much better. The orc barely misses you. The orc warrior misses you.
The ice beast closely misses you.
Casting: Vampiric Draining (safe; 1% risk of failure)
Confirm with . or Enter, or press ? or * to list all spells.
Aiming: Vampiric Draining (safe; 1% risk of failure)
Press: ? - help, Shift-Dir - straight line, f - ice beast
Aim: an ice beast (lightly wounded)
You draw life force from the ice beast!
You feel life coursing into your body. The orc misses you.
The orc warrior hits you with a +0 dire flail!
The ice beast barely misses you.
Casting: Vampiric Draining (safe; 1% risk of failure)
Confirm with . or Enter, or press ? or * to list all spells.
Aiming: Vampiric Draining (safe; 1% risk of failure)
Press: ? - help, Shift-Dir - straight line, f/p - ice beast
Aim: an ice beast (moderately wounded)
You draw life force from the ice beast.
You feel life coursing into your body. The orc completely misses you.
The orc warrior hits you with a +0 dire flail!
* * * LOW HITPOINT WARNING * * *
The ice beast barely misses you.
You aren't carrying any scrolls.
You feel better. The orc hits you with a +0 rapier.
* * * LOW HITPOINT WARNING * * *
The orc warrior hits you with a +0 dire flail!!
You die...

..# #........#.##. ###...
#...#....#.##. .....#
###..##.###.##. ....#
#...........##.
#########).###(...#......##.
................#.#.###..##.
#))._..)....#.# #.###.
##....o......#.# #.###.
#.....@o.....#.# #.....
#._..⌠Y)_....#.###.###.
#..)...................
#............#.###.##..
#...._.......#.# ####.#
####.##....#....#.### #..
#..........#......$.. ...#
#...Y......#....#.### ##.#
#..........#...##.# #o#


You could see an orc warrior, an ice beast and an orc.

Vanquished Creatures
  3 orc warriors
  A black bear (D:4)
  2 sky beasts
  2 necrophages
  2 centaurs
  A kobold brigand (D:5)
  2 bullfrogs
  2 scorpions
  2 centaur zombies (D:6)
  4 hounds
  A jelly (D:4)
  6 orc priests
  A centaur skeleton (D:6)
  2 iguanas
  2 orc wizards
  A hound skeleton (D:4)
  7 gnolls
  4 adders
  A shadow imp (D:7)
  An ufetubus (D:5)
  A worm (D:3)
  8 dart slugs
  17 orcs
  3 endoplasms
  6 giant cockroaches
  10 goblins
  8 hobgoblins
  6 jackals
  3 quokkas
  10 ball pythons
  7 bats
  3 frilled lizards (D:1)
  10 kobolds
  5 rats
144 creatures vanquished.

Vanquished Creatures (collateral kills)
  A killer bee zombie (D:5)
  An orc (D:6)
  A kobold (D:5)
3 creatures vanquished.

Vanquished Creatures (others)
  A water moccasin zombie (D:6)
1 creature vanquished.

Grand Total: 148 creatures vanquished

Notes
Turn   | Place    | Note
-------+----------+-------------------------------------------
     0 | D:1      | hawla the Deep Elf Necromancer began the quest for the Orb.
     0 | D:1      | Reached XP level 1. HP: 10/10 MP: 6/6
    49 | D:1      | Found Ywofuefu's Antique Weapon Emporium.
   243 | D:1      | Reached skill level 5 in Necromancy
   245 | D:1      | Reached XP level 2. HP: 11/15 MP: 4/8
   932 | D:1      | Reached XP level 3. HP: 19/20 MP: 0/9
  1148 | D:1      | Found a faded altar of an unknown god.
  1366 | D:2      | Found a hide-covered altar of Uskayaw.
  1424 | D:2      | Learned a level 3 spell: Vampiric Draining
  1983 | D:2      | Reached skill level 1 in Fighting
  2795 | D:3      | Found Zuloh's Armour Emporium.
  2805 | D:3      | Found Kiopuoc's Armour Boutique.
  3098 | D:2      | Reached XP level 4. HP: 16/25 MP: 8/11
  3103 | D:2      | Learned a level 4 spell: Animate Dead
  3420 | D:2      | Reached skill level 6 in Necromancy
  3478 | D:3      | Reached XP level 5. HP: 15/29 MP: 4/13
  3636 | D:3      | Bought a +0 pair of boots for 45 gold pieces
  3755 | D:2      | Reached skill level 1 in Staves
  3755 | D:2      | Reached skill level 1 in Earth Magic
  3755 | D:2      | Reached skill level 1 in Evocations
  3988 | D:3      | Found a snail-covered altar of Cheibriados.
  4033 | D:3      | Found Variyj's General Store.
  4035 | D:3      | Found Ampisiatt's Antique Weapon Shoppe.
  4075 | D:3      | Found Gewkol's Jewellery Emporium.
  4148 | D:3      | Found a basalt altar of Yredelemnul.
  4440 | D:4      | Noticed a black bear
  4446 | D:4      | Killed a black bear
  4447 | D:4      | Reached XP level 6. HP: 34/34 MP: 3/14
  4799 | D:4      | Reached skill level 5 in Spellcasting
  5217 | D:4      | Noticed an orc warrior
  5240 | D:3      | Killed an orc warrior
  5241 | D:3      | Reached XP level 7. HP: 15/38 MP: 0/18
  5687 | D:4      | Found a runed translucent gate.
  5687 | D:4      | Found a runed translucent gate.
  5687 | D:4      | Found a runed translucent gate.
  5687 | D:4      | Noticed voltaire321's ghost (amateur DsGl)
  5690 | D:4      | Noticed SunEater's ghost (amateur MiFi)
  5690 | D:4      | Noticed Sin92's ghost (novice DsFi)
  5690 | D:4      | Noticed mandarbmax's ghost (amateur FeTm)
  5886 | D:5      | Entered Level 5 of the Dungeon
  6242 | D:5      | Found a staircase to the Ecumenical Temple.
  6255 | Temple   | Entered the Ecumenical Temple
  6362 | Temple   | Learned a level 5 spell: Agony
  6644 | D:5      | Reached skill level 7 in Necromancy
  6667 | D:5      | Found a glowing golden altar of the Shining One.
  7053 | D:5      | Found a blossoming altar of Fedhas.
  7060 | D:5      | Found a shadowy altar of Dithmenos.
  7384 | D:5      | Found Fohuwk's Armour Emporium.
  7747 | D:6      | Learned a level 6 spell: Iron Shot
  7948 | D:6      | Reached XP level 8. HP: 20/43 MP: 21/21
  7983 | D:6      | Reached skill level 1 in Conjurations
  8174 | D:6      | Reached skill level 5 in Dodging
  8223 | D:6      | Reached skill level 8 in Necromancy
  8541 | D:6      | Paralysed by an orc for 3 turns
  9570 | D:7      | Found a bloodstained altar of Trog.
  9572 | D:7      | Found an opulent altar of Gozag.
  9577 | D:7      | Found a broken altar of Ashenzari.
  9579 | D:7      | Found a stormy altar of Qazlal.
  9672 | D:7      | Reached skill level 5 in Earth Magic
  9746 | D:7      | Became a worshipper of Ashenzari the Shackled
  9890 | D:7      | Reached XP level 9. HP: 34/48 MP: 18/22
  9904 | D:7      | Mangled by an orc warrior

Illustrated notes

Levels and vault maps discovered:
D:1:      lemuel_arrival_room, layout_rooms,
          hellmonk_ecumenical_altar_leap_of_faith, serial_shops,
          nicolae_diamond_shop, corexii_item_surrounded_by_moat,
          chequers_serial_rivers_micro_c, interstate_on_off
D:2:      minmay_spotlight, layout_basic, basic_altar
D:3:      layout_rooms, chei_slow_surprise, mainiacjoe_overflow_small_starburst,
          serial_shops, shop, shop_statue, shop, shop_fountains, shop,
          palyth_stone_intersect
D:4:      layout_loops_ring, gammafunk_ghost_cemetery
D:5:      layout_loops_corners, tso_oasis_becter, minitemple,
          minmay_temple_entry_statues_fountains, serial_shops, shop,
          kennysheep_boxes
D:6:      layout_loops_ring
D:7:      layout_basic, grunt_temple_overflow_open, tgw_sif
Temple:   dpeg_three_leaves_temple

Skill      XL: |  1  2  3  4  5  6  7  8 |
---------------+-------------------------+-----
Necromancy     | 5 6 7 8 |  8.2
Stealth        | 3 |  3.4
Dodging        | 3 4 5 |  5.0
Fighting       | 1 |  1.7
Spellcasting   | 4 6 7 |  7.9
Staves         | 1 2 |  2.2
Earth Magic    | 1 5 |  5.6
Evocations     | 1 |  1.8
Conjurations   | 3 |  3.7

Action                   |  1- 3 |  4- 6 |  7- 9 || total
-------------------------+-------+-------+-------++-------
Melee: Unarmed           |     2 |       |       ||     2
       Staff             |    31 |    17 |   203 ||   251
Throw: Dart              |       |       |     6 ||     6
 Cast: Pain              |    78 |    79 |    43 ||   200
       Vampiric Draining |     1 |    16 |    47 ||    64
       Animate Dead      |       |     4 |     6 ||    10
       Agony             |       |       |     3 ||     3
Evoke: Wand              |       |       |    21 ||    21
  Use: Scroll            |     3 |     6 |     8 ||    17
       Potion            |     1 |     2 |    11 ||    14
 Stab: Sleeping          |     1 |     1 |       ||     2
       Paralysed         |       |       |    24 ||    24
Armor: Robe              |    17 |    19 |   104 ||   140
       Skin              |       |       |    26 ||    26
Dodge: Dodged            |    66 |    39 |   252 ||   357
